 Dungeon Crawl Stone Soup version 0.20-a0-681-gf83e07f (webtiles) character file.

140 terra52 the Conjurer (level 5, -1/39 HPs)
             Began as a Draconian Conjurer on Feb 18, 2017.
             Killed by divine providence
             ... invoked by an orc priest
              (15 damage)
             ... on level 3 of the Dungeon.
             The game lasted 00:04:35 (2287 turns).

terra52 the Conjurer (Draconian Conjurer)           Turns: 2287, Time: 00:04:36

Health: -1/39      AC:  5    Str: 10    XL:     5   Next: 2%
Magic:  1/9        EV: 12    Int: 17    God:
Gold:   58         SH:  0    Dex: 11    Spells: 7/10 levels left

rFire    . . .     SeeInvis .   (no weapon)
rCold    + . .     Gourm    .   (armour unavailable)
rNeg     . . .     Faith    .   (no shield)
rPois    .         Spirit   .   (helmet restricted)
rElec    .         Reflect  .   (no cloak)
rCorr    .         Harm     .   (no gloves)
MR       .....                  (no boots)
Stlth    ++........             (no amulet)
Regen    0.2/turn               (no ring)
MPRegen  0.2/turn               j - ring of protection from cold

@: no status effects
A: unfitting armour, cold-blooded, AC +5
a: no special abilities


You were on level 3 of the Dungeon.
You were not hungry.

You visited 1 branch of the dungeon, and saw 3 of its levels.

You collected 58 gold pieces.

Inventory:

Jewellery
 j - a ring of protection from cold (left hand)
Scrolls
 c - a scroll of fog {unknown}
 f - 4 scrolls of teleportation {unknown}
 h - 2 scrolls of remove curse {unknown}
Potions
 e - 4 potions of flight {unknown}
 i - a potion of haste {unknown}
 k - 3 potions of curing {unknown}
 l - a potion of lignification {unknown}
 n - 2 potions of agility {unknown}
 o - 2 potions of mutation {unknown}
Books
 a - a book of Conjurations

   Spells                             Type                      Level
   a - Magic Dart                     Conjuration                  1
   b - Searing Ray                    Conjuration                  2
   c - Dazzling Spray                 Conjuration/Hexes            3
   d - Fulminant Prism                Conjuration/Hexes            4
   e - Force Lance                    Conjuration/Translocation    4
   f - Iskenderun's Mystic Blast      Conjuration                  4
Comestibles
 b - 2 bread rations
 g - a royal jelly


   Skills:
 + Level 0.4 Fighting
 + Level 2.2 Dodging
 + Level 1.9 Stealth
 + Level 0.6 Unarmed Combat
 + Level 3.1 Spellcasting
 + Level 5.2 Conjurations


You had 7 spell levels left.
You knew the following spells:

 Your Spells              Type           Power        Failure   Level  Hunger
a - Magic Dart            Conj           ###.         1%          1    None
b - Searing Ray           Conj           ###...       2%          2    ##.....


Dungeon Overview and Level Annotations

Branches:
Dungeon (3/15)

Altars:
Cheibriados
The Shining One


Innate Abilities, Weirdness & Mutations

Your plain brown scales are hard. (AC +5)
You cannot fit into any form of body armour.
You are cold-blooded and may be slowed by cold attacks.


Message History

Aim: an orc priest, wielding a flail of draining and wearing a ring mail (almost dead)
The magic dart hits the orc priest.
The orc priest is almost dead.
The orc priest invokes the aid of Beogh against you.
Pain shoots through your body!
The orc throws a tomahawk.
The tomahawk misses you.
Casting: Magic Dart
Confirm with . or Enter, or press ? or * to list all spells.
Aiming: Magic Dart
Press: ? - help, Shift-Dir - straight line, f/p - orc priest
Aim: an orc priest, wielding a flail of draining and wearing a ring mail (almost dead)
The magic dart hits the orc priest.
You kill the orc priest!
You hear a splash. x2
Your Spellcasting skill increases to level 3!
You have reached level 5!
The orc hits you but does no damage. The orc barely misses you.
The orc priest invokes the aid of Beogh against you.
Beogh smites you!
You die...

≈≈≈≈≈≈≈≈≈≈≈≈≈≈≈≈≈≈≈≈≈≈≈≈≈
≈≈≈≈≈≈≈≈≈≈≈≈≈≈≈≈≈≈≈≈)≈≈≈≈
.≈≈≈...≈≈≈≈≈.≈..≈.≈..≈≈(≈
.........................
..............(...oo..†..
########...######..######
#########...######o.#
.......)....>o.oo...#
######.##)..@#####.......
#.#.....#########...
#.#............. .#
#.......######## #
###.##.<# ........#
.##.##... # #. #..## #..#


You could see an orc priest and 3 orcs.

Vanquished Creatures
  An orc priest (D:3)
  Ijyb (D:2)
  3 adders (D:2)
  A worm (D:2)
  A dart slug (D:2)
  3 leopard geckos
  A ball python (D:2)
  2 bats (D:1)
  A giant cockroach (D:2)
  8 hobgoblins
  5 jackals (D:1)
  A quokka (D:2)
  4 frilled lizards
  5 goblins
  6 kobolds
  6 rats
49 creatures vanquished.

Notes
Turn   | Place    | Note
-------+----------+-------------------------------------------
     0 | D:1      | terra52 the Draconian Conjurer began the quest for the Orb.
     0 | D:1      | Reached XP level 1. HP: 14/14 MP: 3/3
   264 | D:1      | Reached XP level 2. HP: 17/20 MP: 0/5
  1016 | D:2      | Reached XP level 3. HP: 26/26 MP: 4/6
  1091 | D:2      | Learned a level 2 spell: Searing Ray
  1307 | D:2      | Found a snail-covered altar of Cheibriados.
  1623 | D:2      | Noticed Ijyb
  1633 | D:2      | Killed Ijyb
  1633 | D:2      | Reached skill level 5 in Conjurations
  1633 | D:2      | Reached XP level 4. HP: 33/33 MP: 2/8
  1713 | D:2      | Found a glowing golden altar of the Shining One.
  2279 | D:3      | Reached XP level 5. HP: 13/39 MP: 1/9
  2287 | D:3      | Killed from afar by an orc priest

Vault maps used:
D:1:      scummos_arrival_hexagon, serial_co_window_serial, co_window_paths_b,
          co_window_paths_a, co_window_paths_b, co_window_corner_a,
          co_window_corner_a, co_window_of_opportunity_b, co_window_corner_cb,
          co_window_corner_b, co_window_broadway_b, minivault_26,
          minmay_misc_feat_plants
D:2:      lemuel_coloured_pillars_altar, nicolae_tso_swordbearing_angel,
          first_bread, uniq_iyjb
D:3:      minmay_goblin_kobold_castle, nicolae_gozag_zags_fifth_avenue,
          ashenzari_altar_1, minmay_misc_feat_doors, moated_statue,
          grunt_ministairs_15, uniq_sigmund

Skill      XL: |  1  2  3  4 |
---------------+-------------+-----
Dodging        | 2 |  2.2
Conjurations   | 5 |  5.2
Spellcasting   | 3 |  3.1
Fighting       | |  0.4
Stealth        | |  1.9
Unarmed Combat | |  0.6

Action                   |  1- 3 |  4- 6 || total
-------------------------+-------+-------++-------
Melee: Unarmed           |    55 |     1 ||    56
       Tailslap          |     9 |       ||     9
 Cast: Magic Dart        |    68 |    31 ||    99
       Searing Ray       |     3 |     1 ||     4
  Use: Potion            |     1 |       ||     1
  Eat: Chunk             |     3 |     3 ||     6
Armor: Skin              |    20 |     4 ||    24
Dodge: Dodged            |    40 |    11 ||    51
